 Dungeon Crawl Stone Soup version 0.30-b1-2-g02819fbbbe (webtiles) character file.

Game seed: 11584707445181211514

2127 Ignacio the Shield-Bearer (level 9, -2/74 HPs)
             Began as a Gnoll Fighter on July 24, 2023.
             Was an Initiate of Ashenzari.
             Slain by a komodo dragon (11 damage)
             ... on level 7 of the Dungeon.
             The game lasted 00:16:17 (5581 turns).

Ignacio the Shield-Bearer (Gnoll Fighter)           Turns: 5581, Time: 00:16:17

Health: -2/74      AC: 16    Str: 15    XL:     9   Next: 29%
Magic:  15/15      EV:  8    Int: 17    God:    Ashenzari [......]
Gold:   439        SH: 11    Dex: 15    Spells: 16/16 levels left

rFire   . . .        Q - +0 long sword (flame)
rCold   + . .        c - +0 buckler
rNeg    . . .        m - +0 chain mail
rPois   .            l - +0 helmet
rElec   .            y - +0 cloak
rCorr   .            b - +0 pair of gloves
SInv    .            k - +0 pair of boots
Will    .....        t - amulet of the Morning {Reflect rC+ Dex+2 Slay+3 SH+5} Stlth
                     D - +6 ring of intelligence
HPRegen 0.32/turn    (no ring)
MPRegen 0.14/turn

%: reflection
@: no status effects
A: fangs 1, strong nose, distributed training
a: Renounce Religion, Curse Item


You were on level 7 of the Dungeon.
You worshipped Ashenzari.
Ashenzari was noncommittal.
You visited 2 branches of the dungeon, and saw 8 of its levels.
You also visited: Sewer and Ossuary.

You collected 439 gold pieces.

Inventory:

Hand Weapons
 a - a +0 trident
 g - a +2 dagger of flaming
 j - a +0 falchion
 P - a +0 great sword
 Q - a +0 long sword of flaming (weapon)
Armour
 b - a +0 pair of gloves (worn)
 c - a +0 buckler (worn)
 k - a +0 pair of boots (worn)
 l - a +0 helmet (worn)
 m - a +0 chain mail (worn)
 y - a +0 cloak (worn)
Jewellery
 e - an amulet of reflection
 q - an amulet of faith
 t - the amulet of the Morning (around neck) {Reflect rC+ Dex+2 Slay+3 SH+5}
   (You found it on level 2 of the Dungeon)

   [amulet of reflection]

   It reflects blocked missile attacks.
   Dex:       It affects your dexterity (+2).
   Slay:      It affects your accuracy & damage with ranged weapons and melee
   (+3).
   rC:        It protects you from cold.
   SH:        It affects your SH (+5).
 u - a ring of poison resistance
 D - a +6 ring of intelligence (left hand)
 I - a ring of resist corrosion
Wands
 B - a wand of charming (9)
 F - a wand of polymorph (2)
Scrolls
 h - 3 scrolls of immolation
 n - a scroll of blinking {unknown}
 o - 2 scrolls of enchant armour {unknown}
 p - 2 scrolls of fear {unknown}
 v - 6 scrolls of teleportation {unknown}
 z - a scroll of enchant weapon {unknown}
 E - a scroll of magic mapping {unknown}
 H - a scroll of summoning {unknown}
 J - a scroll of torment {unknown}
 L - a scroll of poison {unknown}
Potions
 d - 2 potions of might
 f - 2 potions of haste
 i - a potion of heal wounds
 r - 3 potions of flight
 s - 5 potions of curing
 w - a potion of berserk rage
 x - a potion of magic
 A - a potion of invisibility
 C - a potion of ambrosia
 G - 3 potions of lignification
 K - a potion of brilliance {unknown}
 M - 3 potions of mutation {unknown}
 N - a potion of attraction {unknown}
 O - a potion of resistance {unknown}


   Skills:
 + Level 7.9 Fighting
 + Level 4.2 Short Blades
 + Level 4.2 Long Blades
 + Level 4.2 Axes
 + Level 4.2 Maces & Flails
 + Level 6.3 Polearms
 + Level 4.2 Staves
 + Level 4.2 Ranged Weapons
 + Level 4.2 Throwing
 + Level 7.9 Armour
 + Level 4.2 Dodging
 + Level 4.2 Stealth
 + Level 7.9 Shields
 + Level 4.2 Unarmed Combat
 + Level 4.2 Spellcasting
 + Level 3.5 Conjurations
 + Level 3.5 Hexes
 + Level 3.5 Summonings
 + Level 3.5 Necromancy
 + Level 3.5 Translocations
 + Level 3.5 Transmutations
 + Level 3.5 Fire Magic
 + Level 3.5 Ice Magic
 + Level 3.5 Air Magic
 + Level 3.5 Earth Magic
 + Level 3.5 Poison Magic
 + Level 4.7 Invocations
 + Level 4.2 Evocations


You had 16 spell levels left.
You didn't know any spells.
Your spell library contained the following spells:

 Spells                   Type           Power      Damage    Failure   Level
 Apportation              Tloc           30%        N/A       41%         1
 Necrotise                Necr           60%        1d7       41%         1
 Summon Small Mammal      Summ           60%        N/A       41%         1
 Gell's Gravitas          Tloc           15%        N/A       80%         3
 Ozocubu's Armour         Ice            15%        N/A       80%         3
 Stone Arrow              Conj/Erth      30%        3d8       80%         3
 Teleport Other           Tloc           15%        N/A       80%         3
 Animate Armour           Summ/Erth      30%        N/A       99%         4
 Manifold Assault         Tloc           15%        N/A       99%         4
 Dispersal                Tloc           7%         N/A       100%        6
 Ozocubu's Refrigeration  Ice            7%         4d9       100%        7
 Disjunction              Tloc           7%         N/A       100%        8
 Lehudib's Crystal Spear  Conj/Erth      7%         10d3      100%        8


Dungeon Overview and Level Annotations

Branches:
Dungeon (7/15)             Temple (1/1) D:6           Sewer (visited)
Ossuary (visited)

Altars:
Ashenzari
Cheibriados
Elyvilon
Fedhas
Gozag
Hepliaklqana
Kikubaaqudgha
Nemelex Xobeh
Qazlal
Ru
Sif Muna
Trog
Wu Jian
Xom
Yredelemnul
Zin
The Shining One

Portals:
Abyss: D:3

Annotations:
D:3 2 transporters, enotiy's ghost, amateur GrFi
D:6 Blork the orc; Menkaure


Innate Abilities, Weirdness & Mutations

You have very sharp teeth.
Your uncanny sense of smell can sniff out nearby items.
Your experience applies equally to all skills.


Message History

You block the iguana's attack.
You closely miss the frilled lizard. You bite the frilled lizard.
You kill the frilled lizard!
You hit the komodo dragon. You burn the komodo dragon.
The komodo dragon is moderately wounded.
The komodo dragon barely misses you.
You slash the komodo dragon! You burn the komodo dragon.
You bite the komodo dragon, but do no damage.
The komodo dragon is heavily wounded.
You block the frilled lizard's attack. The komodo dragon bites you!!
Things that are here:
a frilled lizard corpse; a frilled lizard corpse You hit the iguana.
You burn the iguana.
The iguana is lightly wounded.
You block the iguana's attack. You block the frilled lizard's attack.
The komodo dragon bites you. The iguana bites you.
You block the frilled lizard's attack.
You completely miss the komodo dragon.
You bite the komodo dragon, but do no damage.
The komodo dragon is heavily wounded.
The komodo dragon bites you. You block the iguana's attack.
The frilled lizard bites you but does no damage.
The komodo dragon bites you!
* * * LOW HITPOINT WARNING * * *
You hit the komodo dragon. You burn the komodo dragon.
The komodo dragon is severely wounded.
You block the iguana's attack. You block the frilled lizard's attack.
The komodo dragon completely misses you.
You closely miss the komodo dragon.
You bite the komodo dragon, but do no damage.
The komodo dragon is severely wounded.
The iguana bites you.
* * * LOW HITPOINT WARNING * * *
You block the frilled lizard's attack. The komodo dragon barely misses you.
You slash the komodo dragon! You burn the komodo dragon.
The komodo dragon is almost dead.
The iguana bites you.
* * * LOW HITPOINT WARNING * * *
You block the frilled lizard's attack. The komodo dragon bites you!
You die...

##### ###.... ###
#......## ##.#
#......# ...
#PP..Ol# #.# #ll#
##.## ###@#
##...## ###.l.#
#.##..<..###...###
#............###
##.#.....#)### #
##...##.# ##.###.#
### #.# ∆ #.#


You could see a komodo dragon, an ogre, an iguana and 2 frilled lizards.

Vanquished Creatures
  Pikel (D:6)
  Sigmund (D:3)
  Eustachio (D:4)
  Edmund (D:6)
  2 water moccasins
  An ogre (D:5)
  2 black bears
  A howler monkey (D:6)
  A centaur zombie (Ossuary)
  A jelly (D:5)
  2 hounds (D:5)
  Ijyb (D:4)
  Natasha (thrice) (D:4)
  3 iguanas
  2 orc wizards
  2 sleepcaps
  Terence (D:2)
  2 mummies (Ossuary)
  8 adders
  7 gnolls (D:3)
  A white imp (D:6)
  An ufetubus (D:5)
  2 worms (D:2)
  3 dart slugs
  10 orcs
  4 bats (Sewer)
  10 endoplasms
  4 giant cockroaches
  6 goblins
  6 hobgoblins
  8 jackals
  4 quokkas
  10 ball pythons
  6 frilled lizards
  A gnoll zombie (Ossuary)
  3 goblin zombies
  7 kobolds
  2 kobold zombies (Ossuary)
  2 orc zombies (Ossuary)
  A quokka zombie (D:5)
  6 rats
140 creatures vanquished.

Vanquished Creatures (others)
  8 plants
8 creatures vanquished.

Grand Total: 148 creatures vanquished

Notes
Turn   | Place    | Note
-------+----------+-------------------------------------------
     0 | D:1      | Ignacio the Gnoll Fighter began the quest for the Orb.
     0 | D:1      | Reached XP level 1. HP: 23/23 MP: 1/1
   115 | D:1      | Reached XP level 2. HP: 29/29 MP: 2/2
  1104 | D:2      | Reached XP level 3. HP: 34/35 MP: 3/3
  1151 | D:2      | Identified the amulet of the Morning {Reflect rC+ Dex+2
                  | Slay+3 SH+5}
  1175 | D:2      | Found a broken altar of Ashenzari.
  1184 | D:2      | Became a worshipper of Ashenzari the Shackled
  1256 | D:2      | Reached skill level 1 in Invocations
  1262 | D:2      | Reached skill level 1 in Short Blades
  1262 | D:2      | Reached skill level 1 in Long Blades
  1262 | D:2      | Reached skill level 1 in Axes
  1262 | D:2      | Reached skill level 1 in Maces & Flails
  1262 | D:2      | Reached skill level 1 in Staves
  1262 | D:2      | Reached skill level 1 in Ranged Weapons
  1262 | D:2      | Reached skill level 1 in Throwing
  1262 | D:2      | Reached skill level 1 in Dodging
  1262 | D:2      | Reached skill level 1 in Stealth
  1262 | D:2      | Reached skill level 1 in Unarmed Combat
  1262 | D:2      | Reached skill level 1 in Spellcasting
  1262 | D:2      | Reached skill level 1 in Evocations
  1308 | D:2      | Noticed Terence
  1315 | D:2      | Killed Terence
  1316 | D:2      | Reached skill level 1 in Conjurations
  1316 | D:2      | Reached skill level 1 in Hexes
  1316 | D:2      | Reached skill level 1 in Summonings
  1316 | D:2      | Reached skill level 1 in Necromancy
  1316 | D:2      | Reached skill level 1 in Translocations
  1316 | D:2      | Reached skill level 1 in Transmutations
  1316 | D:2      | Reached skill level 1 in Fire Magic
  1316 | D:2      | Reached skill level 1 in Ice Magic
  1316 | D:2      | Reached skill level 1 in Air Magic
  1316 | D:2      | Reached skill level 1 in Earth Magic
  1316 | D:2      | Reached skill level 1 in Poison Magic
  1316 | D:2      | Reached XP level 4. HP: 41/41 MP: 5/5
  1597 | D:3      | Reached XP level 5. HP: 42/47 MP: 5/7
  1632 | D:3      | Noticed Sigmund
  1728 | D:3      | Killed Sigmund
  1729 | D:3      | Reached skill level 5 in Polearms
  1729 | D:3      | Reached XP level 6. HP: 47/53 MP: 7/9
  1762 | D:3      | Found a one-way gate to the infinite horrors of the Abyss.
  1762 | D:3      | Noticed enotiy's ghost (amateur GrFi)
  1830 | D:3      | Found a glowing drain.
  1834 | Sewer    | Entered a sewer
  1887 | Sewer    | Noticed a water moccasin
  1898 | Sewer    | Killed a water moccasin
  1899 | Sewer    | Reached XP level 7. HP: 58/60 MP: 10/10
  2169 | D:3      | Found a transporter.
  2173 | D:3      | Noticed a small abomination
  2210 | D:3      | Noticed a toenail golem
  2223 | D:3      | Found a transporter.
  2475 | D:4      | Found a broken altar of Ashenzari.
  2675 | D:4      | Noticed Eustachio
  2677 | D:4      | Noticed Ijyb
  2710 | D:4      | Killed Eustachio
  2714 | D:4      | Killed Ijyb
  2775 | D:4      | Noticed Natasha
  2786 | D:4      | Killed Natasha
  2867 | D:4      | Noticed Natasha
  2886 | D:4      | Killed Natasha
  2945 | D:4      | Noticed Natasha
  2952 | D:4      | Killed Natasha
  3071 | D:4      | Found a white marble altar of Elyvilon.
  3379 | D:5      | Entered Level 5 of the Dungeon
  3507 | D:5      | Reached XP level 8. HP: 62/67 MP: 12/12
  3580 | D:5      | Found a sand-covered staircase.
  3598 | Ossuary  | Entered an ossuary
  3837 | D:5      | Found an ancient bone altar of Kikubaaqudgha.
  4575 | D:6      | Found a glowing silver altar of Zin.
  4628 | D:6      | Noticed Pikel
  4654 | D:6      | Killed Pikel
  4655 | D:6      | Reached XP level 9. HP: 40/74 MP: 13/15
  4933 | D:6      | Found a staircase to the Ecumenical Temple.
  4938 | D:6      | Noticed Edmund
  4960 | D:6      | Killed Edmund
  4982 | Temple   | Entered the Ecumenical Temple
  5179 | D:6      | Found an ornate altar of the Wu Jian Council.
  5179 | D:6      | Noticed Menkaure
  5182 | D:6      | Found a stormy altar of Qazlal.
  5182 | D:6      | Noticed Blork the orc
  5271 | D:6      | Found a hazy altar of Hepliaklqana.
  5271 | D:6      | Found a basalt altar of Yredelemnul.
  5445 | D:6      | Identified the +3 short sword of Wu Jian's Delight {flame,
                  | rCorr MP+9}
  5560 | D:7      | Noticed a komodo dragon
  5581 | D:7      | Slain by a komodo dragon

Illustrated notes

Levels and vault maps discovered:
D:1:      kennysheep_arrival_seaside, layout_basic, serial_forest,
          infiniplex_forest_lined_room_2, infiniplex_forest_clump_small,
          infiniplex_forest_clump_small, infiniplex_forest_corner_2,
          infiniplex_forest_lined_3_way, infiniplex_forest_clump_double,
          infiniplex_forest_lined_2, infiniplex_forest_3_way
D:2:      cheibrodos_helix_gallery, layout_rooms, basic_altar, uniq_terence
D:3:      layout_rooms, gammafunk_ghost_abyssal_escape, gup_sewer_entry_bowl,
          uniq_sigmund
D:4:      layout_cave_pools, mainiacjoe_overflow_six_doors_small,
          mainiacjoe_overflow_concentric_impassable, kennysheep_nondescript,
          roderic_serpentine_path, uniq_ijyb, uniq_eustachio, uniq_natasha
D:5:      layout_basic, mainiacjoe_overflow_paths, enter_ossuary_4
D:6:      layout_loops_cross, nicolae_overflow_hidden_temple,
          mainiacjoe_overflow_alcove_4, minmay_temple_entry_wispy,
          uniq_menkaure, uniq_blork_the_orc, uniq_pikel, uniq_edmund
D:7:      layout_loops_ring, minmay_lizard_king
Temple:   hellmonk_temple_beads

Skill      XL: |  1  2  3  4  5  6  7  8 |
---------------+-------------------------+-----
Invocations    | 1 2 3 4 |  4.7
Short Blades   | 1 2 3 4 |  4.2
Long Blades    | 1 2 3 4 |  4.2
Axes           | 1 2 3 4 |  4.2
Maces & Flails | 1 2 3 4 |  4.2
Staves         | 1 2 3 4 |  4.2
Ranged Weapons | 1 2 3 4 |  4.2
Throwing       | 1 2 3 4 |  4.2
Dodging        | 1 2 3 4 |  4.2
Stealth        | 1 2 3 4 |  4.2
Unarmed Combat | 1 2 3 4 |  4.2
Spellcasting   | 1 2 3 4 |  4.2
Evocations     | 1 2 3 4 |  4.2
Conjurations   | 1 2 3 |  3.5
Hexes          | 1 2 3 |  3.5
Summonings     | 1 2 3 |  3.5
Necromancy     | 1 2 3 |  3.5
Translocations | 1 2 3 |  3.5
Transmutations | 1 2 3 |  3.5
Fire Magic     | 1 2 3 |  3.5
Ice Magic      | 1 2 3 |  3.5
Air Magic      | 1 2 3 |  3.5
Earth Magic    | 1 2 3 |  3.5
Poison Magic   | 1 2 3 |  3.5
Polearms       | 5 6 |  6.3
Fighting       | 7 |  7.9
Armour         | 7 |  7.9
Shields        | 7 |  7.9

Action                     |  1- 3 |  4- 6 |  7- 9 || total
---------------------------+-------+-------+-------++-------
  Melee: Trident           |   108 |    88 |    26 ||   222
         Bite              |     6 |     7 |    44 ||    57
         Dagger            |       |       |   294 ||   294
         Long sword        |       |       |    20 ||    20
    Use: Scroll            |       |       |     8 ||     8
 Armour: Scale mail        |    11 |       |       ||    11
         Chain mail        |    32 |    48 |   174 ||   254
  Dodge: Dodged            |    23 |    31 |   113 ||   167
  Block: Buckler           |    26 |    50 |   226 ||   302
         Reflection        |       |     1 |     3 ||     4
